[ PARTIDA AOE2 · #506077944 ]
UnrankedCoreanos vs Goths
Equipo del jugador · DERR
Equipo rival · VICT
[ ANÁLISIS DE REPETICIÓN · EXTRAÍDO DE LA PARTIDA GRABADA ]
Feudal
9:25
Castillos
24:37
Imperial
—
| APM promedio | 67.3 |
| APM pico | 98 |
| eAPM promedio | 27.9 |
| Aldeanos / militares | 159 / 108 |
Foco
⚔️ 40.1% · 🌾 59.9%
Archer ×62 · Skirmisher ×30 · Militia ×5 · Iron Pagoda ×5 · Knight ×4 · Spearman ×2
Feudal
11:00
Castillos
22:21
Imperial
—
| APM promedio | 46.2 |
| APM pico | 75 |
| eAPM promedio | 24.1 |
| Aldeanos / militares | 116 / 129 |
Foco
⚔️ 41.8% · 🌾 58.2%
Militia ×69 · Huskarl ×28 · Battering Ram ×13 · Skirmisher ×12 · Scorpion ×5 · Mangonel ×2
Mapa de la partida
Recursos iniciales + cada clic de construcción. Líneas = muros · curvas = relieve. ◆ oro · ⬟ piedra · ● bayas · ✦ reliquia · ◌ hueco del cierre
Tu base· Abierta — el rival se encerró
Base de chuoi· ✓ Cerrada en 22:21 · 7t muro · sin puerta
Terreno inicial suavizado · ◌ = hueco del cierre detectado · pasá el cursor para detalles
Inputs por minuto
— Zezlot - - chuoi
Build order — Zezlot
Primeras 150 de 393 acciones detectadas
| 0:00 | Crear | Villager (Male) |
| 0:02 | Construir | House |
| 0:02 | Construir | House |
| 0:05 | Crear | Villager (Male) |
| 0:12 | Crear | Villager (Male) |
| 0:16 | Crear | Villager (Male) |
| 1:26 | Crear | Villager (Male) |
| 1:26 | Crear | Villager (Male) |
| 1:48 | Construir | Lumber Camp |
| 1:53 | Crear | Villager (Male) |
| 1:53 | Crear | Villager (Male) |
| 2:17 | Crear | Villager (Male) |
| 2:18 | Crear | Villager (Male) |
| 2:49 | Crear | Villager (Male) |
| 2:49 | Crear | Villager (Male) |
| 3:16 | Crear | Villager (Male) |
| 3:17 | Crear | Villager (Male) |
| 3:46 | Crear | Villager (Male) |
| 3:50 | Construir | House |
| 4:38 | Crear | Villager (Male) |
| 4:38 | Crear | Villager (Male) |
| 4:45 | Crear | Villager (Male) |
| 4:55 | Construir | Barracks |
| 5:13 | Crear | Villager (Male) |
| 5:28 | Crear | Villager (Male) |
| 5:35 | Construir | House |
| 5:52 | Crear | Villager (Male) |
| 6:01 | Crear | Villager (Male) |
| 6:08 | Crear | Villager (Male) |
| 6:10 | Crear | Villager (Male) |
| 6:11 | Crear | Villager (Male) |
| 6:15 | Investigar | Loom |
| 6:15 | Investigar | Loom |
| 6:19 | Construir | Palisade Wall |
| 6:20 | Construir | Palisade Wall |
| 6:21 | Construir | Palisade Wall |
| 6:25 | Crear | Villager (Male) |
| 6:49 | Construir | Mining Camp |
| 6:50 | Crear | Villager (Male) |
| 6:57 | Investigar | Feudal Age |
| 6:57 | Investigar | Feudal Age |
| 6:57 | Investigar | Feudal Age |
| 7:19 | Construir | Palisade Wall |
| 7:20 | Construir | Palisade Wall |
| 7:22 | Construir | Palisade Wall |
| 7:26 | Crear | Militia |
| 7:26 | Crear | Militia |
| 7:56 | Crear | Militia |
| 7:56 | Crear | Militia |
| 8:18 | Construir | House |
| 8:18 | Crear | Militia |
| 8:50 | Crear | Villager (Male) |
| 8:50 | Crear | Villager (Male) |
| 8:53 | Construir | House |
| 9:25 | Edad | Edad Feudal |
| 9:27 | Construir | Archery Range |
| 9:27 | Crear | Villager (Male) |
| 9:30 | Investigar | Man-at-Arms (upgrade) |
| 9:56 | Crear | Villager (Male) |
| 9:56 | Crear | Villager (Male) |
| 10:05 | Construir | Mill |
| 10:20 | Crear | Villager (Male) |
| 10:20 | Crear | Villager (Male) |
| 10:25 | Crear | Archer |
| 11:12 | Crear | Villager (Male) |
| 11:13 | Crear | Villager (Male) |
| 11:15 | Construir | House |
| 11:16 | Construir | House |
| 11:19 | Construir | Farm |
| 11:19 | Construir | Farm |
| 11:19 | Construir | Farm |
| 11:21 | Crear | Archer |
| 11:21 | Crear | Archer |
| 11:31 | Crear | Villager (Male) |
| 11:35 | Construir | House |
| 11:46 | Crear | Villager (Male) |
| 11:51 | Crear | Skirmisher |
| 11:51 | Crear | Skirmisher |
| 11:56 | Crear | Villager (Male) |
| 11:56 | Crear | Villager (Male) |
| 12:09 | Crear | Archer |
| 12:14 | Crear | Villager (Male) |
| 12:22 | Crear | Archer |
| 12:22 | Crear | Villager (Male) |
| 12:38 | Crear | Villager (Male) |
| 12:43 | Construir | Farm |
| 12:47 | Investigar | Double-Bit Axe |
| 12:56 | Crear | Villager (Male) |
| 12:56 | Crear | Villager (Male) |
| 13:03 | Crear | Villager (Male) |
| 13:04 | Crear | Villager (Male) |
| 13:14 | Crear | Archer |
| 13:22 | Crear | Villager (Male) |
| 13:23 | Crear | Villager (Male) |
| 13:31 | Crear | Villager (Male) |
| 13:51 | Crear | Archer |
| 13:51 | Crear | Archer |
| 13:51 | Crear | Villager (Male) |
| 13:53 | Crear | Villager (Male) |
| 14:06 | Crear | Villager (Male) |
| 14:06 | Crear | Villager (Male) |
| 14:07 | Crear | Archer |
| 14:09 | Crear | Villager (Male) |
| 14:30 | Construir | Blacksmith |
| 14:31 | Crear | Villager (Male) |
| 14:32 | Construir | Farm |
| 14:32 | Construir | Farm |
| 14:33 | Construir | Farm |
| 14:49 | Crear | Archer |
| 14:52 | Crear | Villager (Male) |
| 14:54 | Construir | House |
| 14:55 | Construir | House |
| 14:59 | Construir | Farm |
| 14:59 | Construir | Farm |
| 15:00 | Construir | Farm |
| 15:00 | Construir | Farm |
| 15:07 | Investigar | Horse Collar |
| 15:07 | Investigar | Horse Collar |
| 15:08 | Crear | Villager (Male) |
| 15:08 | Crear | Villager (Male) |
| 15:09 | Crear | Villager (Male) |
| 15:20 | Crear | Skirmisher |
| 15:20 | Crear | Skirmisher |
| 15:20 | Crear | Skirmisher |
| 15:35 | Crear | Skirmisher |
| 15:35 | Crear | Skirmisher |
| 16:01 | Construir | Farm |
| 16:01 | Construir | Farm |
| 16:02 | Construir | Farm |
| 16:02 | Construir | Farm |
| 16:02 | Construir | Farm |
| 16:08 | Crear | Skirmisher |
| 16:09 | Crear | Villager (Male) |
| 16:13 | Investigar | Fletching |
| 16:13 | Investigar | Fletching |
| 16:23 | Crear | Skirmisher |
| 16:31 | Crear | Skirmisher |
| 16:31 | Crear | Skirmisher |
| 16:37 | Crear | Skirmisher |
| 16:41 | Crear | Skirmisher |
| 16:47 | Construir | Farm |
| 16:48 | Construir | Farm |
| 16:48 | Construir | Farm |
| 16:57 | Crear | Archer |
| 16:57 | Crear | Archer |
| 17:06 | Crear | Skirmisher |
| 17:09 | Crear | Archer |
| 17:09 | Crear | Archer |
| 17:10 | Crear | Villager (Male) |
| 17:13 | Construir | Farm |
Build order — chuoi
Primeras 150 de 353 acciones detectadas
| 0:01 | Crear | Villager (Male) |
| 0:01 | Crear | Villager (Male) |
| 0:02 | Construir | House |
| 0:03 | Construir | House |
| 0:06 | Crear | Villager (Male) |
| 0:06 | Crear | Villager (Male) |
| 1:24 | Crear | Villager (Male) |
| 1:53 | Crear | Villager (Male) |
| 1:53 | Crear | Villager (Male) |
| 1:55 | Construir | Lumber Camp |
| 2:25 | Crear | Villager (Male) |
| 2:25 | Crear | Villager (Male) |
| 2:44 | Crear | Villager (Male) |
| 2:45 | Crear | Villager (Male) |
| 2:57 | Crear | Villager (Male) |
| 2:57 | Crear | Villager (Male) |
| 2:58 | Crear | Villager (Male) |
| 3:21 | Crear | Villager (Male) |
| 3:21 | Crear | Villager (Male) |
| 3:26 | Construir | House |
| 3:32 | Crear | Villager (Male) |
| 3:32 | Crear | Villager (Male) |
| 4:14 | Crear | Villager (Male) |
| 4:14 | Crear | Villager (Male) |
| 4:32 | Construir | Barracks |
| 4:55 | Crear | Villager (Male) |
| 5:13 | Construir | House |
| 5:39 | Crear | Militia |
| 5:39 | Crear | Militia |
| 5:43 | Crear | Villager (Male) |
| 5:45 | Crear | Militia |
| 5:58 | Construir | Mining Camp |
| 6:02 | Crear | Militia |
| 6:02 | Crear | Militia |
| 6:13 | Crear | Villager (Male) |
| 6:33 | Crear | Militia |
| 6:42 | Crear | Villager (Male) |
| 6:42 | Crear | Villager (Male) |
| 6:43 | Crear | Villager (Male) |
| 6:59 | Construir | House |
| 7:05 | Crear | Villager (Male) |
| 7:10 | Investigar | Loom |
| 7:14 | Construir | House |
| 7:19 | Crear | Villager (Male) |
| 7:19 | Crear | Villager (Male) |
| 7:42 | Construir | Mill |
| 8:07 | Crear | Villager (Male) |
| 8:50 | Investigar | Feudal Age |
| 8:51 | Investigar | Feudal Age |
| 9:06 | Construir | Palisade Wall |
| 9:07 | Construir | Palisade Wall |
| 9:16 | Crear | Militia |
| 9:16 | Crear | Militia |
| 9:51 | Crear | Militia |
| 9:56 | Construir | Palisade Wall |
| 9:58 | Construir | House |
| 10:02 | Construir | Palisade Wall |
| 10:05 | Construir | Palisade Wall |
| 10:17 | Crear | Militia |
| 10:45 | Crear | Villager (Male) |
| 11:00 | Edad | Edad Feudal |
| 11:03 | Investigar | Man-at-Arms (upgrade) |
| 11:06 | Crear | Villager (Male) |
| 11:13 | Construir | Blacksmith |
| 11:26 | Crear | Militia |
| 11:31 | Construir | Watch Tower |
| 11:45 | Crear | Militia |
| 11:46 | Crear | Villager (Male) |
| 11:53 | Construir | Archery Range |
| 11:59 | Investigar | Double-Bit Axe |
| 11:59 | Investigar | Double-Bit Axe |
| 12:01 | Investigar | Scale Mail Armor |
| 12:01 | Investigar | Scale Mail Armor |
| 12:03 | Crear | Villager (Male) |
| 12:13 | Construir | House |
| 12:26 | Crear | Villager (Male) |
| 12:28 | Crear | Skirmisher |
| 12:28 | Crear | Skirmisher |
| 12:32 | Construir | Farm |
| 12:54 | Construir | House |
| 12:56 | Crear | Villager (Male) |
| 12:59 | Crear | Skirmisher |
| 13:08 | Construir | Palisade Wall |
| 13:21 | Crear | Villager (Male) |
| 13:22 | Construir | Farm |
| 13:24 | Construir | Farm |
| 13:35 | Crear | Skirmisher |
| 13:40 | Crear | Villager (Male) |
| 13:54 | Crear | Villager (Male) |
| 14:00 | Crear | Militia |
| 14:10 | Crear | Villager (Male) |
| 14:16 | Construir | Farm |
| 14:16 | Construir | Farm |
| 14:17 | Construir | Farm |
| 14:19 | Crear | Skirmisher |
| 14:28 | Construir | Mining Camp |
| 14:35 | Crear | Skirmisher |
| 14:49 | Construir | Farm |
| 14:51 | Crear | Villager (Male) |
| 14:55 | Construir | Farm |
| 15:09 | Crear | Skirmisher |
| 15:14 | Construir | House |
| 15:27 | Construir | House |
| 15:58 | Crear | Villager (Male) |
| 16:13 | Construir | Farm |
| 16:15 | Construir | Farm |
| 16:16 | Construir | Farm |
| 16:21 | Crear | Villager (Male) |
| 16:21 | Crear | Skirmisher |
| 16:22 | Crear | Skirmisher |
| 16:29 | Construir | Farm |
| 16:40 | Crear | Skirmisher |
| 16:42 | Crear | Villager (Male) |
| 16:48 | Construir | Market |
| 17:11 | Crear | Villager (Male) |
| 17:21 | Crear | Villager (Male) |
| 17:23 | Construir | House |
| 17:34 | Crear | Villager (Male) |
| 17:37 | Construir | House |
| 17:38 | Construir | Farm |
| 17:49 | Investigar | Fletching |
| 17:49 | Investigar | Fletching |
| 17:52 | Crear | Villager (Male) |
| 17:54 | Construir | Farm |
| 17:56 | Construir | Farm |
| 18:01 | Crear | Skirmisher |
| 18:01 | Crear | Skirmisher |
| 18:06 | Crear | Villager (Male) |
| 18:15 | Construir | Farm |
| 18:21 | Construir | Farm |
| 18:25 | Crear | Militia |
| 18:36 | Crear | Villager (Male) |
| 18:48 | Construir | Farm |
| 19:24 | Construir | Lumber Camp |
| 19:41 | Investigar | Castle Age |
| 19:41 | Investigar | Castle Age |
| 19:47 | Crear | Militia |
| 19:55 | Construir | Barracks |
| 20:06 | Crear | Militia |
| 20:17 | Crear | Villager (Male) |
| 20:19 | Construir | Mill |
| 20:26 | Crear | Militia |
| 20:37 | Crear | Villager (Male) |
| 20:38 | Crear | Militia |
| 20:58 | Crear | Villager (Male) |
| 21:10 | Crear | Villager (Male) |
| 21:11 | Construir | House |
| 21:13 | Investigar | Horse Collar |
| 21:19 | Crear | Militia |
| 21:19 | Crear | Militia |
Cronología de la partida
| 4:32 | chuoi · first_building Barracks |
| 4:55 | Zezlot · first_building Barracks |
| 6:19 | Zezlot · wall_segment Palisade Wall x1 |
| 6:20 | Zezlot · wall_segment Palisade Wall x1 |
| 6:21 | Zezlot · wall_segment Palisade Wall x1 |
| 7:19 | Zezlot · wall_segment Palisade Wall x1 |
| 7:20 | Zezlot · wall_segment Palisade Wall x1 |
| 7:22 | Zezlot · wall_segment Palisade Wall x1 |
| 9:06 | chuoi · wall_segment Palisade Wall x1 |
| 9:07 | chuoi · wall_segment Palisade Wall x1 |
| 9:25 | Zezlot · age_up feudal |
| 9:27 | Zezlot · first_building Archery Range |
| 9:56 | chuoi · wall_segment Palisade Wall x1 |
| 10:02 | chuoi · wall_segment Palisade Wall x2 |
| 10:05 | chuoi · wall_segment Palisade Wall x1 |
| 11:00 | chuoi · age_up feudal |
| 11:53 | chuoi · first_building Archery Range |
| 13:08 | chuoi · wall_segment Palisade Wall x1 |
| 17:48 | chuoi · first_market_buy 100 food |
| 22:21 | chuoi · age_up castle |
| 22:32 | chuoi · first_building Siege Workshop |
| 22:50 | chuoi · first_market_sell 100 wood |
| 24:37 | Zezlot · age_up castle |
| 26:38 | Zezlot · wall_segment Palisade Wall x1 |
| 27:22 | Zezlot · first_building Siege Workshop |
| 32:16 | chuoi · first_building Castle |
| 36:55 | Zezlot · first_building Stable |
| 38:05 | Zezlot · first_market_sell 100 stone |
| 38:06 | Zezlot · first_market_buy 100 food |
| 38:38 | Zezlot · resign |
[ ANÁLISIS IA · 1 CRÉDITO ]
¿Qué pasó realmente en esta partida?
Wolo.gg analiza cada decisión: build order, eco, micro, errores típicos por bracket. Análisis personalizado por WhatsApp o Discord en 30 segundos.
Guía civ
Coreanos
Perfil
Jugador #14438285